Map: Romanticide LE

Players

MaSa

  • Race: Terran Terran

DisK - Winner!

  • Race: Protoss Protoss

Event: DreamHack SC2 Masters 2021 Fall

VOD

Have the link to the VOD?

Description

Time

  • Played on: Aug. 12, 2021, 3:35 p.m.
  • Length: 5:08

All games in this series

Show
View Real Time Build Order
Export as new Build Order

MaSa Terran 

Build Orders:  

Get SALT Encoding   

  12  0:00  SCV  
  13  0:12  SCV  
  14  0:18  Supply Depot  
  14  0:24  SCV  
  15  0:40  Barracks  
  15  0:50  Barracks  
  15  0:54  SCV  
  16  0:59  Refinery  
  16  1:06  SCV  
  18  1:18  SCV  
  18  1:27  Marine  
  18  1:30  Orbital Command  
  19  1:38  Marine, Bunker  
  20  1:44  Marine  
  21  1:48  Supply Depot  
  21  1:57  SCV  
  21  1:59  Marine  
  23  2:09  Marine  
  23  2:10  SCV  
  25  2:15  Factory  
  25  2:18  Marine  
  25  2:22  SCV  
  27  2:32  Marine  
  27  2:36  Supply Depot  
  28  2:37  Marine  
  28  2:38  SCV  
  30  2:45  Refinery  
  30  2:50  SCV  
  31  3:02  SCV  
  32  3:07  Factory Tech Lab  
  32  3:14  SCV  
  33  3:27  SCV  
  32  3:34  Command Center  
  32  3:39  SCV  
  32  3:40  Cyclone  
  33  3:51  SCV  
  33  3:55  Bunker  
  34  4:04  Marine  
  34  4:05  Barracks  
  36  4:13  Siege Tank  
  39  4:18  SCV  
  39  4:21  Supply Depot  
  39  4:29  Barracks Reactor  
  35  4:40  SCV  
  35  4:42  Starport  
  38  4:52  SCV  
Show
View Real Time Build Order
Export as new Build Order

DisK Protoss - Winner!

Build Orders:  

Get SALT Encoding   

  12  0:00  Probe  
  13  0:12  Probe  
  14  0:17  Pylon  
  14  0:24  Probe  
  15  0:36  Gateway, Probe (Chrono Boost)  
  16  0:46  Probe (Chrono Boost)  
  16  0:47  Assimilator  
  17  0:51  Probe (Chrono Boost)  
  18  1:03  Probe  
  19  1:15  Probe  
  20  1:22  Cybernetics Core  
  20  1:25  Zealot  
  22  1:35  Pylon, Probe  
  22  1:37  Assimilator  
  23  1:53  Probe  
  24  1:57  Stalker (Chrono Boost)  
  24  2:01  Warp Gate  
  26  2:05  Probe  
  27  2:16  Pylon  
  27  2:18  Probe  
  27  2:21  Robotics Facility  
  28  2:29  Gateway  
  28  2:30  Stalker  
  30  2:40  Shield Battery  
  30  2:44  Probe  
  31  2:59  Gateway  
  31  3:02  Stalker  
  33  3:11  Warp Prism  
  32  3:49  Stalker x2  
  32  3:54  Nexus  
  36  3:55  Pylon  
  36  3:57  Observer  
  37  4:11  Stalker  
  37  4:13  Probe  
  40  4:20  Twilight Council  
  40  4:25  Probe  
  40  4:30  Observer  
  40  4:43  Stalker  
  40  4:44  Stalker x2  
  46  4:46  Probe (Chrono Boost)  
  47  4:56  Probe (Chrono Boost)  

Tags
 
Add a new tag
Caveats
  • Supply blocks, unpowered buildings, or Contaminate may cause inaccurate times.
  • Supply counts are checked every 10 seconds.